 Dungeon Crawl Stone Soup version 0.30-a0-782-ge64f9170bb (webtiles) character file.

Game seed: 539455096266617702

271 Dirtsage the Chopper (level 6, -2/47 HPs)
             Began as a Demonspawn Fighter on Mar 13, 2023.
             Killed from afar by Crazy Yiuf (14 damage)
             ... with a bolt of light
             ... on level 3 of the Dungeon.
             The game lasted 00:05:05 (2607 turns).

Dirtsage the Chopper (Demonspawn Fighter)           Turns: 2607, Time: 00:05:05

Health: -2/47      AC:  9    Str: 19    XL:     6   Next: 2%
Magic:  6/6        EV:  6    Int:  9    God:
Gold:   77         SH:  8    Dex: 12    Spells: 5/5 levels left

rFire   . . .      SeeInvis .    a - +0 war axe
rCold   . . .      Faith    .    c - +0 buckler
rNeg    . . .      Spirit   .    r - +0 chain mail
rPois   .          Reflect  .    o - +1 hat
rElec   .          Harm     .    (no cloak)
rCorr   .          Rampage  .    (no gloves)
Will    .....                    (no boots) Stlth
                                 (no amulet)
HPRegen 0.27/turn                (no ring)
MPRegen 0.10/turn                (no ring)

@: lethally poisoned (-2 -> -7)
A: antennae 2, condensation shield
a: no special abilities


You were on level 3 of the Dungeon.
You visited 1 branch of the dungeon, and saw 3 of its levels.

You collected 77 gold pieces.

Inventory:

Hand Weapons
 a - a +0 war axe (weapon)
Armour
 b - a +0 scale mail
 c - a +0 buckler (worn)
 e - a +0 helmet
 o - a +1 hat (worn)
 r - a +0 chain mail (worn)
Magical Staves
 p - a staff of cold
Scrolls
 h - 6 scrolls of identify {unknown}
 i - a scroll of blinking {unknown}
 k - a scroll of amnesia {unknown}
 m - 3 scrolls of teleportation {unknown}
 q - a scroll of magic mapping {unknown}
Potions
 d - 2 potions of might
 f - 2 potions of flight {unknown}
 g - 3 potions of attraction {unknown}
 j - a potion of haste {unknown}
 l - 2 potions of lignification {unknown}
 n - 3 potions of curing {unknown}
 s - a potion of invisibility {unknown}


   Skills:
 - Level 3.0 Fighting
 + Level 5.8 Axes
 - Level 2.6 Armour
 - Level 2.6 Shields


You had 5 spell levels left.
You didn't know any spells.
Your spell library contained the following spells:

 Spells                   Type           Power      Damage    Failure   Level
 Blink                    Tloc           0%         N/A       100%        2
 Manifold Assault         Tloc           0%         N/A       100%        4
 Storm Form               Tmut/Air       0%         N/A       100%        7


Dungeon Overview and Level Annotations

Branches:
Dungeon (3/15)

Altars:
Yredelemnul

Annotations:
D:3 Crazy Yiuf


Innate Abilities, Weirdness & Mutations

You have a pair of antennae on your head.
A meltable shield of frost defends you. (SH +4)


Message History

Things that are here:
a +0 trident; an orc corpse A ball python comes into view.
The ball python hisses angrily.
Health restored: 47 A ball python is nearby!
You hit the ball python.
You kill the ball python!
No target in view!
No target in view!
You see here a ball python corpse.
Crazy Yiuf shouts!
Crazy Yiuf cries, "Pitchfork meccalolo hog!"
You sense a monster nearby.
You open the door.
Crazy Yiuf zaps a wand.
The bolt of light hits you!
You are confused.
You take 9 damage, and have 38/47 hp.
You feel less confused.
Crazy Yiuf hits you with a +4 quarterstaff of chaos.
You take 3 damage, and have 36/47 hp.
You barely miss Crazy Yiuf.
Crazy Yiuf waves his quarterstaff at you.
Crazy Yiuf completely misses you.
You hit Crazy Yiuf.
Crazy Yiuf is moderately wounded.
Crazy Yiuf hits you with a +4 quarterstaff of chaos!
You are poisoned.
You take 10 damage, and have 26/47 hp.
MASSIVE DAMAGE!!
You hit Crazy Yiuf but do no damage.
Crazy Yiuf is moderately wounded.
You feel very sick.
Crazy Yiuf cries, "Lugonu!"
You block Crazy Yiuf's attack.
Crazy Yiuf zaps a wand.
The bolt of light hits you!
* * * LOW HITPOINT WARNING * * *
You take 12 damage, and have 14/47 hp.
MASSIVE DAMAGE!!
You hit Crazy Yiuf.
Crazy Yiuf is heavily wounded.
You feel sick.
Crazy Yiuf zaps a wand.
The bolt of light hits you!
You die...

.......)#..###'..+#####
......))#..# #....#
.##.....#..# #...##
.##.....#..# #...#
.##.....#..# ##.##
.##.....#### #.##
.##.....# ##.#
###.....# #.## #######
##@# #g# ... #...#
#..)# #####


You could see Crazy Yiuf.

Vanquished Creatures
  Natasha (thrice) (D:2)
  2 scorpion zombies (D:3)
  A hound zombie (D:3)
  4 adders
  3 worms (D:2)
  3 dart slugs
  5 orcs (D:3)
  6 ball pythons
  7 bats
  5 endoplasms
  9 goblins
  6 hobgoblins
  6 jackals
  3 quokkas (D:1)
  7 frilled lizards
  7 kobolds
  5 rats
82 creatures vanquished.

Notes
Turn   | Place    | Note
-------+----------+-------------------------------------------
     0 | D:1      | Dirtsage the Demonspawn Fighter began the quest for the
                  | Orb.
     0 | D:1      | Reached XP level 1. HP: 18/18 MP: 1/1
    40 | D:1      | Reached skill level 2 in Axes
   111 | D:1      | Gained mutation: You have a pair of small antennae on your
                  | head. [demonic ancestry]
   111 | D:1      | Reached XP level 2. HP: 24/24 MP: 2/2
   331 | D:1      | Reached skill level 3 in Axes
   425 | D:1      | Gained mutation: You have a pair of antennae on your head.
                  | [demonic ancestry]
   425 | D:1      | Reached XP level 3. HP: 27/29 MP: 3/3
   431 | D:1      | Found a faded altar of an unknown god.
   975 | D:2      | Reached skill level 4 in Axes
   975 | D:2      | Reached XP level 4. HP: 28/35 MP: 4/4
  1055 | D:2      | Identified the +8 long sword of War {heavy, Int+4}
  1315 | D:2      | Noticed Natasha
  1331 | D:2      | Killed Natasha
  1456 | D:2      | Noticed Natasha
  1465 | D:2      | Killed Natasha
  1466 | D:2      | Gained mutation: A meltable shield of frost defends you.
                  | (SH +4) [demonic ancestry]
  1466 | D:2      | Reached XP level 5. HP: 19/41 MP: 5/5
  1555 | D:2      | Noticed Natasha
  1560 | D:2      | Killed Natasha
  1561 | D:2      | Reached skill level 5 in Axes
  2155 | D:3      | Found a basalt altar of Yredelemnul.
  2427 | D:3      | Found a runed translucent door.
  2428 | D:3      | Noticed Crazy Yiuf
  2458 | D:3      | Reached XP level 6. HP: 47/47 MP: 6/6
  2607 | D:3      | Killed from afar by Crazy Yiuf

Illustrated notes

Levels and vault maps discovered:
D:1:      dpeg_arrival_arbitrary_c, layout_basic,
          shapermc_ecumenical_altar_pompeii, minmay_pentomino_r2
D:2:      layout_basic, uniq_natasha
D:3:      layout_basic, nicolae_yredelemnul_corpse_copse,
          kennysheep_generic_room_9, uniq_crazy_yiuf_cottage

Skill      XL: |  1  2  3  4  5 |
---------------+----------------+-----
Axes           | 2 3 4 5 |  5.8
Fighting       | |  3.0
Armour         | |  2.6
Shields        | |  2.6

Action                     |  1- 3 |  4- 6 || total
---------------------------+-------+-------++-------
  Melee: War axe           |    88 |   135 ||   223
 Armour: Scale mail        |    49 |    23 ||    72
         Chain mail        |       |    25 ||    25
  Dodge: Dodged            |    50 |    45 ||    95
  Block: Buckler           |    22 |    44 ||    66

Table legend: (Time is in decaauts)
 A = Elapsed time spent in this place.
 B = Non-inter-level travel time spent in this place.
 C = Inter-level travel time spent in this place.
 D = Time resting spent in this place.
 E = Time spent auto-exploring this place.
 F = Levels seen in this place.
 G = Mean time per level.
                   A        B        C        D        E       F      G
               +--------+--------+--------+--------+--------+-----+--------+
         Total |   2686 |   2636 |     50 |      7 |   2091 |   3 |  895.3 |
       Dungeon |   2686 |   2636 |     50 |      7 |   2091 |   3 |  895.3 |
               +--------+--------+--------+--------+--------+-----+--------+

Top non-repeatable levels by time:
     D:2: 1123 daAuts
     D:3: 835 daAuts
     D:1: 727 daAuts
